 Dungeon Crawl Stone Soup version 0.18-b1-10-g3f7de93 (webtiles) character file.

569 Gargoyl the Covered (level 7, -1/55 HPs)
             Began as a Demonspawn Abyssal Knight on Apr 29, 2016.
             Was an Elder of Lugonu.
             Slain by an orc
             ... wielding a +0 hand axe
              (2 damage)
             ... on level 4 of the Dungeon.
             The game lasted 00:09:55 (5442 turns).

Gargoyl the Covered (Demonspawn Abyssal Knight)     Turns: 5442, Time: 00:09:55

Health: -1/55      AC: 14    Str: 11    XL:     7   Next: 11%
Magic:  8/8        EV:  3    Int: 14    God:    Lugonu [****..]
Gold:   171        SH:  0    Dex: 12    Spells: 0 memorised, 6 levels left

rFire  . . .     SeeInvis .     a - +1 hand axe
rCold  . . .     Gourm    .     e - +0 plate armour
rNeg   . . .     Faith    +     (no shield)
rPois  .         Spirit   .     (no helmet)
rElec  .         Dismiss  .     w - +0 cloak
rCorr  .         Reflect  .     (no gloves)
SustAt .         Harm     .     (no boots)
MR     +....                    q - amulet of faith
Stlth  ..........               (no ring)
                                i - -3 ring of strength (curse)

@: slowed, very slow, somewhat resistant to hostile enchantments, extremely
unstealthy
A: icy blue scales 1, magic resistance 1, wild magic 1, rot immunity
a: Depart the Abyss, Bend Space, Banish, Corrupt, Renounce Religion


You were on level 4 of the Dungeon.
You worshipped Lugonu.
Lugonu was greatly pleased with you.
You were not hungry.

You visited 1 branch of the dungeon, and saw 4 of its levels.
You visited the Abyss 1 time.
You also visited: Sewer.

You collected 171 gold pieces.

Inventory:

Hand Weapons
 a - a +1 hand axe (weapon)
 r - a cursed -3 halberd
Missiles
 d - 7 javelins (quivered)
Armour
 e - a +0 plate armour (worn)
 w - a +0 cloak (worn)
Jewellery
 i - a cursed -3 ring of strength (left hand)
 q - an amulet of faith (around neck)
Wands
 u - a wand of acid (5/15)
Scrolls
 h - 2 scrolls of remove curse
 l - 2 scrolls of identify
 t - a scroll of magic mapping {unknown}
Potions
 k - a potion of magic
 m - 2 potions of flight
 n - a potion of agility {unknown}
 s - a potion of beneficial mutation {unknown}
Comestibles
 c - 2 bread rations
 f - 2 meat rations
 j - a beef jerky
 x - a chunk of flesh


   Skills:
 + Level 4.4 Fighting
 + Level 3.1 Axes
 * Level 5.4 Armour
 + Level 1.9 Dodging
 + Level 0.6 Stealth
 + Level 2.5 Invocations


You had 6 spell levels left.
You didn't know any spells.

Dungeon Overview and Level Annotations

Branches:
Dungeon (4/15)
 Temple: D:4-7

Altars:
Gozag
Nemelex Xobeh
Xom
Yredelemnul
The Shining One


Innate Abilities, Weirdness & Mutations

You are partially covered in icy blue scales (AC +1).
You are immune to rotting.
You are resistant to hostile enchantments.
Your spells are a little harder to cast, but a little more powerful.


Message History

You are very lightly contaminated with residual magic.
Drink which item? (? for menu, Esc to quit)
It was a potion of cancellation.
Your magical effects are unravelling.
Your magical contamination has completely faded away.
You feel magically purged.
You feel yourself slow down. The orc hits you but does no damage.
The orc wizard gestures at you while chanting.
You feel yourself slow down.
Drink which item? (? for menu, Esc to quit)
It was a potion of mutation.
You feel extremely strange.
You feel less in control of your magic.
You feel resistant to hostile enchantments.
You feel less woody.
Your +0 cloak unmelds from your body.
Your +0 plate armour unmelds from your body.
The orc wizard hits you but does no damage.
Something hits you but does no damage. The orc hits you with a hand axe.
You die...

... .## ... ... .. ### #.# #.
#..# .. .... # #.. #.## ..[..
## #.##o.###...... ..
#..##.......... .#. # ##{@o.##
...... ... .. #.o...##...$..
... #.####........# #..
#.....).#.#...## #..
###.....##......# #<. .......
....##..####!...# ##. .....
....###..###.#..# #. #.. .....
................## #..#.. .
...######........###.....##.#..


You could see an orc wizard and an orc.

Vanquished Creatures
  A big kobold (Sewer)
  A scorpion (D:4)
  A hound (D:3)
  2 orc priests
  An orc wizard (D:3)
  Crazy Yiuf (D:3)
  2 worker ants (D:4)
  Terence (D:1)
  An iguana (D:4)
  10 adders
  A river rat (Sewer)
  An ooze (D:4)
  2 dart slugs (D:3)
  2 giant geckos
  5 orcs
  4 ball pythons
  7 giant cockroaches
  6 goblins
  12 hobgoblins
  2 jackals (Sewer)
  3 quokkas
  7 bats
  A giant gecko skeleton (D:4)
  3 giant newts
  13 kobolds
  A quokka skeleton (D:4)
  19 rats
110 creatures vanquished.

Notes
Turn   | Place    | Note
--------------------------------------------------------------
     0 | Abyss:1  | Gargoyl the Demonspawn Abyssal Knight began the quest for the Orb.
     0 | Abyss:1  | Reached XP level 1. HP: 18/18 MP: 2/2
     2 | Abyss:1  | Found a corrupted altar of Lugonu.
    19 | Abyss:1  | Noticed a small abomination
    32 | D:1      | Escaped the Abyss
    93 | D:1      | Reached skill level 2 in Armour
   105 | D:1      | Reached * piety under Lugonu
   140 | D:1      | Gained mutation: You are immune to rotting. [demonic ancestry]
   140 | D:1      | Reached XP level 2. HP: 23/24 MP: 3/3
  1158 | D:2      | Noticed Terence
  1165 | D:2      | Reached skill level 1 in Dodging
  1187 | D:1      | Killed Terence
  1187 | D:1      | Reached XP level 3. HP: 20/30 MP: 4/4
  1381 | D:2      | Reached XP level 4. HP: 26/37 MP: 5/5
  1678 | D:2      | Reached ** piety under Lugonu
  1678 | D:2      | Reached skill level 3 in Armour
  1810 | D:2      | Found a sparkling altar of Nemelex Xobeh.
  1837 | D:2      | Found an opulent altar of Gozag.
  1871 | D:2      | Found a basalt altar of Yredelemnul.
  1895 | D:2      | Found a shimmering altar of Xom.
  2346 | D:3      | Found a glowing drain.
  2376 | Sewer    | Entered a sewer
  2501 | Sewer    | Noticed a big kobold
  2517 | Sewer    | Reached XP level 5. HP: 26/42 MP: 6/6
  2668 | Sewer    | Found a white marble altar of Elyvilon.
  2907 | D:3      | Reached *** piety under Lugonu
  3106 | D:3      | Found a glowing golden altar of the Shining One.
  3502 | D:3      | Reached skill level 4 in Armour
  3502 | D:3      | Gained mutation: You are partially covered in icy blue scales (AC +1). [demonic ancestry]
  3502 | D:3      | Reached XP level 6. HP: 30/48 MP: 7/7
  3845 | D:3      | Noticed Crazy Yiuf
  3852 | D:3      | Killed Crazy Yiuf
  4667 | D:4      | Reached skill level 5 in Armour
  5022 | D:3      | Reached **** piety under Lugonu
  5285 | D:3      | Reached XP level 7. HP: 55/55 MP: 8/8
  5438 | D:4      | HP: 3/82 [something/puff of flame (9)]
  5439 | D:4      | HP: 1/82 [something/puff of flame (3)]
  5442 | D:4      | Gained mutation: Your spells are a little harder to cast, but a little more powerful. [potion of mutation]
  5442 | D:4      | Gained mutation: You are resistant to hostile enchantments. [potion of mutation]
  5442 | D:4      | Slain by an orc

Skill      XL: |  1  2  3  4  5  6 |
---------------+-------------------+-----
Armour         | 2 3 4 5 |  5.4
Dodging        | 1 |  1.9
Axes           | 2 3 |  3.1
Fighting       | 4 |  4.4
Stealth        | |  0.6
Invocations    | |  2.5

Action                   |  1- 3 |  4- 6 |  7- 9 || total
-------------------------+-------+-------+-------++-------
Melee: Hand axe          |   107 |   371 |    29 ||   507
Invok: Depart the Abyss  |     1 |       |       ||     1
  Use: Potion            |     2 |     5 |     5 ||    12
       Scroll            |       |     6 |       ||     6
  Eat: Chunk             |     2 |     9 |     1 ||    12
       Royal jelly       |       |     1 |       ||     1
       Pizza             |       |     1 |       ||     1
Armor: Leather armour    |    24 |       |       ||    24
       Chain mail        |    29 |    80 |       ||   109
       Plate armour      |       |   294 |    30 ||   324
       Skin              |       |       |     8 ||     8
Dodge: Dodged            |    79 |   117 |     5 ||   201
